 Dungeon Crawl Stone Soup version 0.27-a0-1191-g601b473118 (webtiles) character file.

Game seed: 2442004232670301815

10 flotson the Covert (level 2, -1/27 (29) HPs)
             Began as a Gnoll Delver on May 23, 2021.
             Was an Initiate of Trog.
             Slain by a hound (5 damage)
             ... on level 4 of the Dungeon.
             The game lasted 00:03:11 (648 turns).

flotson the Covert (Gnoll Delver)                    Turns: 648, Time: 00:03:11

HP:   -1/27 (29)    AC:  3    Str: 11    XL:     2   Next: 20%
MP:   2/2           EV: 13    Int:  9    God:    Trog [......]
Gold: 26            SH:  0    Dex: 13    Spells: 1/1 levels left

rFire    . . .     SeeInvis .   a - +0 spear
rCold    . . .     Faith    .   (no shield)
rNeg     . . .     Spirit   .   b - +0 leather armour
rPois    .         Reflect  .   (no helmet)
rElec    .         Harm     .   (no cloak)
rCorr    .         Rampage  .   (no gloves)
Will     .....                  (no boots)
Stlth    ++++......             (no amulet)
HPRegen  0.09/turn              (no ring)
MPRegen  0.08/turn              (no ring)

@: hasted, drained, very quick
A: fangs 1, strong nose, distributed training
a: Renounce Religion


You were on level 4 of the Dungeon.
You worshipped Trog.
Trog was noncommittal.
You visited 1 branch of the dungeon, and saw 2 of its levels.

You collected 26 gold pieces.

Inventory:

Hand Weapons
 a - a +0 spear (weapon)
Missiles
 h - 4 boomerangs (quivered)
Armour
 b - a +0 leather armour (worn)
Wands
 g - a wand of digging (1)
Scrolls
 c - a scroll of fog
 f - a scroll of amnesia {unknown}
Potions
 e - 2 potions of lignification {unknown}


   Skills:
 + Level 6.4 Fighting
 + Level 0.3 Short Blades
 + Level 0.3 Long Blades
 + Level 0.3 Axes
 + Level 0.3 Maces & Flails
 + Level 4.4 Polearms
 + Level 0.3 Staves
 + Level 0.3 Slings
 + Level 0.3 Bows
 + Level 0.3 Crossbows
 + Level 0.3 Throwing
 + Level 0.3 Armour
 + Level 4.4 Dodging
 + Level 9.5 Stealth
 + Level 0.3 Shields
 + Level 0.3 Unarmed Combat
 + Level 0.3 Spellcasting
 + Level 0.2 Conjurations
 + Level 0.2 Hexes
 + Level 0.2 Summonings
 + Level 0.2 Necromancy
 + Level 0.2 Translocations
 + Level 0.2 Transmutations
 + Level 0.2 Fire Magic
 + Level 0.2 Ice Magic
 + Level 0.2 Air Magic
 + Level 0.2 Earth Magic
 + Level 0.2 Poison Magic
 + Level 0.4 Invocations
 + Level 0.3 Evocations


You had one spell level left.
You didn't know any spells.
Your spell library was empty.

Dungeon Overview and Level Annotations

Branches:
Dungeon (5/15)             Temple (0/1) D:4

Altars:
Cheibriados
Fedhas
Trog
Yredelemnul

Portals:
Sewer: D:5

Annotations:
D:4 Menkaure


Innate Abilities, Weirdness & Mutations

You have very sharp teeth.
Your uncanny sense of smell can sniff out nearby items.
Your experience applies equally to all skills.


Message History

The hound closely misses you.
The necrophage hits the plant.
Something hits the plant.
The hound bites you but does no damage.
Unknown command.
You feel yourself speed up. The hound bites you.
The necrophage hits the plant.
Something hits the plant. x2
You miss the hound.
The hound is lightly wounded.
The hound bites you.
The necrophage hits the plant.
Something hits the plant.
You hit the hound but do no damage.
A nearby plant withers and dies.
The hound closely misses you.
You hit the hound but do no damage.
A nearby plant withers and dies.
The hound bites you.
You hit the hound but do no damage. The hound bites you but does no damage.
You hit the hound but do no damage.
The necrophage hits the bush but does no damage.
You hit the hound but do no damage. The hound misses you.
Aiming: Dig
Press: ? - help, Shift-Dir - straight line A rock wall.
The rock shatters into small pieces.
A necrophage comes into view.
The hound barely misses you.
Something hits the bush but does no damage.
The necrophage completely misses the bush. 2 necrophages come into view.
The hound closely misses you.
The necrophage hits something.
The scorpion zombie hits the plant!
The plant begins to die.
The necrophage closely misses you.
The necrophage hits the plant.
The plant begins to die.
You hit the necrophage but do no damage.
The hound bites you. The necrophage hits you.
You feel drained.
Aiming: Dig
Press: ? - help, Shift-Dir - straight line A rock wall.
The rock shatters into small pieces.
The necrophage hits you.
* * * LOW HITPOINT WARNING * * *
You feel drained.
* * * LOW HITPOINT WARNING * * *
The hound bites you.
You die...

....................#...h....#**,
##################..#............
##.....n.##...h..........
#...PPP...###.###'##.....
#..PPPP...# #.# *,**.....
*.ZPP_P...###.###..',....
*,,PP.P.n.#.......#*,..(.
*,,,#.#Pnn#.#####.#**,**,
*,,,#..h@n...# *,* *,*,,
****#.###.#.## *,* *,*,,
##.##....# *,***,,,, #P.P#.##.#
*,,,,,,,, ##....# #.# *********
###### #.# #.# #.


You could see 5 necrophages and a hound.

Vanquished Creatures
  An ufetubus (D:4)
  A worm (D:5)
  A hobgoblin (D:4)
3 creatures vanquished.

Vanquished Creatures (others)
  3 plants (D:4)
3 creatures vanquished.

Grand Total: 6 creatures vanquished

Notes
Turn   | Place    | Note
-------+----------+-------------------------------------------
     0 | D:5      | Reached skill level 9 in Stealth
     0 | D:5      | flotson the Gnoll Delver began the quest for the Orb.
     0 | D:5      | Reached XP level 1. HP: 23/23 MP: 1/1
    17 | D:5      | Noticed a hound
   102 | D:5      | Found a bloodstained altar of Trog.
   102 | D:5      | Found a snail-covered altar of Cheibriados.
   103 | D:5      | Noticed a jelly
   106 | D:5      | Became a worshipper of Trog the Wrathful
   119 | D:5      | Found a basalt altar of Yredelemnul.
   128 | D:5      | Noticed an ogre
   158 | D:4      | Noticed a hound
   175 | D:4      | Reached XP level 2. HP: 12/29 MP: 2/2
   562 | D:4      | Noticed Menkaure
   626 | D:4      | Found a blossoming altar of Fedhas.
   630 | D:4      | Noticed a necrophage
   630 | D:4      | Noticed a necrophage
   643 | D:4      | Noticed a necrophage
   644 | D:4      | Noticed a necrophage
   644 | D:4      | Noticed a necrophage
   648 | D:4      | Slain by a hound

Illustrated notes

Levels and vault maps discovered:
D:4:      layout_basic, okawaru_ov_weapons_minmay, fedhas_altar_decomposition,
          minmay_temple_entry_proselytizer, uniq_robin, uniq_sigmund,
          uniq_menkaure, uniq_duvessa
D:5:      layout_basic, kennysheep_mini_moat, eat_drink_and_be_merry_uskayaw,
          jmf_multi_god_temple, cheibrodos_sewer_entry_sluice

Skill      XL: | |
---------------+-+-----
Stealth        | |  9.5
Fighting       | |  6.4
Short Blades   | |  0.3
Long Blades    | |  0.3
Axes           | |  0.3
Maces & Flails | |  0.3
Polearms       | |  4.4
Staves         | |  0.3
Slings         | |  0.3
Bows           | |  0.3
Crossbows      | |  0.3
Throwing       | |  0.3
Armour         | |  0.3
Dodging        | |  4.4
Shields        | |  0.3
Unarmed Combat | |  0.3
Spellcasting   | |  0.3
Conjurations   | |  0.2
Hexes          | |  0.2
Summonings     | |  0.2
Necromancy     | |  0.2
Translocations | |  0.2
Transmutations | |  0.2
Fire Magic     | |  0.2
Ice Magic      | |  0.2
Air Magic      | |  0.2
Earth Magic    | |  0.2
Poison Magic   | |  0.2
Invocations    | |  0.4
Evocations     | |  0.3

Action                   || total
-------------------------++-------
Melee: Spear             ||    52
       Bite              ||     3
Evoke: Wand              ||     2
  Use: Scroll            ||     3
       Potion            ||     2
Armor: Leather armour    ||    13
Dodge: Dodged            ||    48

Table legend: (Time is in decaauts)
 A = Elapsed time spent in this place.
 B = Non-inter-level travel time spent in this place.
 C = Inter-level travel time spent in this place.
 D = Time resting spent in this place.
 E = Time spent auto-exploring this place.
 F = Levels seen in this place.
 G = Mean time per level.
                   A        B        C        D        E       F      G
               +--------+--------+--------+--------+--------+-----+--------+
         Total |    621 |    621 |      0 |      0 |    336 |   2 |  310.5 |
       Dungeon |    621 |    621 |      0 |      0 |    336 |   2 |  310.5 |
               +--------+--------+--------+--------+--------+-----+--------+

Top non-repeatable levels by time:
     D:4: 475 daAuts
     D:5: 145 daAuts
